 Dungeon Crawl Stone Soup version 0.17-a0-1954-g0dddeaa (webtiles) character file.

10707 4thArraOfDagon the Severer (level 11, -9/102 HPs)
             Began as a Hill Orc Berserker on Oct 4, 2015.
             Was an Elder of Trog.
             Engulfed by an ice statue's freezing vapour (22 damage)
             ... on level 13 of the Dungeon.
             The game lasted 00:17:54 (3019 turns).

4thArraOfDagon the Severer (Hill Orc Berserker)     Turns: 3019, Time: 00:17:54

Health: -9/102     AC: 14    Str: 23    XL:     11   Next: 66%
Magic:  11/11      EV: 11    Int:  8    God:    Trog [****..]
Gold:   146        SH:  0    Dex: 10    Spells: 0 memorised, 10 levels left

rFire  . . .     SeeInvis .     m - +3 broad axe (distort)
rCold  . . .     Clarity  .     u - +4 ring mail
rNeg   . . .     SustAt   .     (no shield)
rPois  .         Gourm    .     (no helmet)
rElec  .         Spirit   .     g - +2 cloak {MR+}
rCorr  .         Warding  .     (no gloves)
rMut   .         Stasis   .     (no boots)
MR     +++..                    f - amulet of faith
Stlth  ..........               (no ring)
                                h - ring of loudness

@: about to teleport, very slightly contaminated, regenerating, extremely
resistant to hostile enchantments, extremely unstealthy
A: no striking features
a: Burn Spellbooks, Berserk, Trog's Hand, Brothers in Arms, Renounce Religion


You were on level 13 of the Dungeon.
You worshipped Trog.
Trog was greatly pleased with you.
You were not hungry.

You visited 1 branch of the dungeon, and saw 13 of its levels.

You collected 391 gold pieces.
You spent 245 gold pieces at shops.

Inventory:

Hand weapons
 a - a +1 hand axe
 m - a +3 broad axe of distortion (weapon)
 v - a cursed -1 hand axe
Armour
 g - a +2 cloak of magic resistance (worn)
 t - a troll hide
 u - a +4 ring mail (worn)
 B - a +2 shield
 E - a +1 cloak
Jewellery
 f - an amulet of faith (around neck)
 h - a ring of loudness (left hand)
 x - an uncursed amulet of warding {unknown}
 I - the amulet "Qody" {Ward rElec rN+, unknown}
   (You found it on level 9 of the Dungeon)

   [amulet of warding]

   It may prevent the melee attacks of summoned creatures.
   It insulates you from electricity.
   It protects you from negative energy.
 P - a +3 ring of strength {unknown}
Magical devices
 w - a wand of lightning (15)
 C - a wand of random effects (12)
 F - a wand of polymorph (9)
 J - a wand of fireball (9)
 N - a wand of draining (7)
Scrolls
 i - a scroll of enchant weapon
 p - a scroll of teleportation
 r - 2 scrolls of magic mapping
 s - a scroll of recharging
 y - a scroll of noise
 G - 2 scrolls of fear
 L - 2 scrolls of remove curse
 Q - a scroll of fog {unknown}
Potions
 b - 2 potions of lignification
 e - a potion of invisibility {unknown}
 k - a potion of ambrosia
 l - a potion of magic {unknown}
 n - a potion of resistance
 o - 2 potions of might
 z - 2 potions of agility
 A - a potion of flight {unknown}
 D - a potion of haste {unknown}
 K - a potion of degeneration {unknown}
 M - a potion of mutation {unknown}
Miscellaneous
 O - a plain deck of changes
Comestibles
 c - 2 bread rations
 q - 3 meat rations
 H - 8 chunks of flesh


   Skills:
 + Level 11.2 Fighting
 * Level 16.1 Axes
 + Level 10.1 Armour
 - Level 1.5 Dodging


You had 10 spell levels left.
You didn't know any spells.

Dungeon Overview and Level Annotations

Branches:
Dungeon (13/15)            Temple (0/1) D:7            Lair (0/8) D:9
    Orc: D:9-12      Vaults: D:13-14

Altars:
Ashenzari
Gozag

Shops:
D:6 !:   D:7 ?

Annotations:
D:9 WildSam's ghost, experienced DsEE
D:13 exclusion: ice statue


Message History

Unknown command.
Drink which item? (? for menu, Esc to quit)
You feel better.
You are engulfed in freezing vapours.
You feel the effects of Trog's Hand fading.
The ice statue throws cold at you. The bolt of cold hits you!
* * * LOW HITPOINT WARNING * * *
A white imp comes into view.
Unknown command.
Unknown command.
Unknown command.
Drink which item? (? for menu, Esc to quit)
You feel better.
You are engulfed in freezing vapours.
* * * LOW HITPOINT WARNING * * *
The white imp shouts, "Get thee gone, thou baffled beetle-headed skainsmate!"
A hippogriff comes into view.
Unknown command.
Unknown command.
You are engulfed in freezing vapours.
You die...

≈.......≈≈≈.⌠#+#
≈≈≈≈.≈...≈..≈≈≈...#
≈≈≈..≈≈.≈≈≈.≈≈≈...#
≈≈...≈≈≈≈....≈≈≈..#
≈.≈.≈≈≈≈≈≈≈.≈.≈≈..#
.≈≈≈≈≈≈≈≈≈≈≈≈≈....#
.≈≈≈≈≈≈≈≈≈≈≈≈≈....#
.≈≈≈≈≈≈≈≈≈≈≈≈≈....#
.≈≈≈≈≈§@§≈≈≈≈≈....#
..≈≈≈Y§§§≈≈≈≈.....#
..≈≈≈≈§8§≈≈≈≈.....#
.≈≈≈≈Yh%)Y≈≈≈≈.
.≈≈≈≈≈Y≈≈≈≈≈≈≈.
.≈≈≈≈≈≈≈≈≈≈≈≈≈.
.≈≈≈≈≈h≈≈≈≈≈≈≈.
≈...≈≈.5≈≈≈.≈.≈
≈≈..H≈≈≈≈≈...≈.


You could see an ice statue, 2 polar bears, 4 ice beasts and a white imp.

Vanquished Creatures
  A centaur warrior (D:13)
  Pikel (D:7)
  A gargoyle (D:13)
  A fire drake (D:8)
  A troll (D:10)
  A polar bear (D:13)
  3 slime creatures (D:12)
  3 shadows (D:12)
  A hippogriff (D:8)
  11 yaks
  A deep elf mage (D:10)
  Grum (D:8)
  2 wolves
  2 wargs (D:9)
  A necrophage (D:10)
  2 orc warriors
  3 ice beasts
  2 sky beasts
  2 ogres
  5 centaurs
  2 giant frogs
  A wyvern zombie (D:6)
  2 scorpions
  A centaur zombie (D:7)
  A crimson imp (D:8)
  A giant frog zombie (D:12)
  An iguana (D:12)
  4 orc wizards
  Crazy Yiuf (D:7)
  4 hounds
  4 orc priests
  2 worker ants
  A hound skeleton (D:6)
  4 gnolls (D:4)
  8 adders
  2 worms
  An adder skeleton (D:7)
  3 giant geckos
  18 orcs
  2 ball pythons
  8 bats
  3 giant cockroaches
  6 goblins
  7 hobgoblins
  6 jackals
  2 quokkas
  3 giant newts
  7 kobolds
  A quokka skeleton (D:8)
  A quokka zombie (D:6)
  4 rats
156 creatures vanquished.

Vanquished Creatures (collateral kills)
  A hydra (D:12)
  A manticore (D:12)
  A cyclops (D:12)
  A centaur skeleton (D:12)
  A deep elf mage (D:12)
  A centaur (D:12)
  An orc wizard (D:12)
  A quasit (D:12)
  An orc (D:12)
  4 kobolds (D:12)
13 creatures vanquished.

Vanquished Creatures (others)
  A centaur warrior (D:12)
  An unseen horror (D:12)
  A hill giant (D:13)
  A freezing wraith (D:13)
  A slime creature (D:12)
  A slave (D:7)
  A big kobold (D:12)
7 creatures vanquished.

Grand Total: 176 creatures vanquished

Notes
Turn   | Place    | Note
--------------------------------------------------------------
     0 | D:1      | 4thArraOfDagon the Hill Orc Berserker began the quest for the Orb.
     0 | D:1      | Reached XP level 1. HP: 19/19 MP: 1/1
   126 | D:3      | Reached XP level 2. HP: 12/26 MP: 2/2
   285 | D:1      | Acquired Trog's second power
   428 | D:1      | Reached XP level 3. HP: 31/33 MP: 3/3
   521 | D:2      | Reached skill level 5 in Axes
   626 | D:2      | Reached XP level 4. HP: 40/40 MP: 4/4
   894 | D:5      | Entered Level 5 of the Dungeon
   972 | D:5      | Noticed a phantom
  1003 | D:6      | Reached skill level 6 in Axes
  1010 | D:6      | Reached XP level 5. HP: 44/47 MP: 5/5
  1062 | D:5      | Noticed an ogre
  1070 | D:5      | Killed an ogre
  1070 | D:5      | Reached skill level 7 in Axes
  1070 | D:5      | Reached XP level 6. HP: 55/55 MP: 6/6
  1071 | D:5      | Reached skill level 5 in Fighting
  1133 | D:5      | Found a shattered altar of Ashenzari.
  1220 | D:6      | Noticed a centaur
  1221 | D:6      | Noticed an ogre
  1222 | D:6      | Noticed an orc warrior
  1446 | D:6      | Reached skill level 8 in Axes
  1446 | D:6      | Reached XP level 7. HP: 61/61 MP: 7/7
  1456 | D:6      | Found Terullio's Book Emporium.
  1524 | D:6      | Noticed a giant frog
  1534 | D:6      | Killed a giant frog
  1544 | D:6      | Found Anagoi's Distillery.
  1555 | D:6      | Bought a potion of might for 56 gold pieces
  1555 | D:6      | Bought a potion of might for 56 gold pieces
  1555 | D:6      | Bought a potion of agility for 56 gold pieces
  1555 | D:6      | Bought a potion of curing for 42 gold pieces
  1617 | D:7      | Noticed Pikel
  1627 | D:7      | Killed Pikel
  1627 | D:7      | Reached skill level 9 in Axes
  1627 | D:7      | Reached skill level 5 in Armour
  1627 | D:7      | Reached XP level 8. HP: 71/71 MP: 8/8
  1659 | D:7      | Acquired Trog's third power
  1659 | D:7      | Reached skill level 10 in Axes
  1697 | D:7      | Found a staircase to the Ecumenical Temple.
  1791 | D:8      | Noticed Grum
  1865 | D:7      | Found Susecak's Magic Scroll Shop.
  1885 | D:7      | Bought a scroll of magic mapping for 35 gold pieces
  1903 | D:7      | Noticed Crazy Yiuf
  1925 | D:7      | Killed Crazy Yiuf
  2027 | D:8      | Reached skill level 11 in Axes
  2027 | D:8      | Reached XP level 9. HP: 79/79 MP: 9/9
  2088 | D:8      | Noticed a fire drake
  2088 | D:8      | a worker ant changed into a fire drake
  2093 | D:8      | Killed a fire drake
  2134 | D:8      | Found an opulent altar of Gozag.
  2220 | D:8      | Reached skill level 12 in Axes
  2223 | D:8      | Killed Grum
  2318 | D:9      | Reached skill level 13 in Axes
  2318 | D:9      | Reached XP level 10. HP: 60/90 MP: 10/10
  2368 | D:9      | Got a sparkling sapphire amulet
  2401 | D:9      | Found a staircase to the Lair.
  2429 | D:9      | Noticed WildSam's ghost (experienced DsEE)
  2434 | D:10     | Entered Level 10 of the Dungeon
  2487 | D:10     | Received a gift from Trog
  2488 | D:10     | Reached skill level 14 in Axes
  2632 | D:12     | Reached skill level 10 in Fighting
  2679 | D:12     | Noticed a centaur warrior
  2690 | D:12     | Noticed a cyclops
  2706 | D:12     | Banished a centaur warrior
  2706 | D:12     | Reached skill level 15 in Axes
  2706 | D:12     | Reached XP level 11. HP: 55/101 MP: 11/11
  2732 | D:12     | Noticed a five-headed hydra
  2739 | D:12     | Killed a five-headed hydra
  2765 | D:12     | Killed a cyclops
  2786 | D:12     | Noticed a manticore
  2795 | D:12     | Killed a manticore
  2858 | D:12     | Banished an unseen horror
  2936 | D:13     | Noticed a centaur warrior
  2960 | D:13     | Noticed a hill giant
  2966 | D:13     | Banished a hill giant
  2974 | D:13     | Killed a centaur warrior
  2996 | D:13     | Reached skill level 16 in Axes
  2996 | D:13     | Reached skill level 10 in Armour
  3014 | D:13     | Noticed an ice statue
  3019 | D:13     | Engulfed by an ice statue's freezing vapour

Vault maps used:
D:1:      dpeg_arrival_tiny_e
D:2:      nemelex_deck
D:3:      minivault_4, lightli_corner_chamber
D:4:      black_bear_nest_1, lemuel_statue_altar
D:5:      cheibrodos_ashenzari_chains, first_bread, serial_shops,
          nicolae_shop_temple_entry_statues_fountains, amethyst_killhole
D:6:      lemuel_round_altar, serial_shops, shop, nicolae_shop_waterfront,
          nicolae_shop_behind_doors, shop
D:7:      kennysheep_mini_moat, minmay_temple_entry_glassed_door, serial_shops,
          nicolae_shop_statue_plus, serial_co_window_serial, co_window_corner_a,
          co_window_of_opportunity_a, co_window_paths_b, co_window_paths_b,
          co_window_paths_a, co_window_paths_b, co_window_unsneaky_path_e,
          co_window_of_opportunity_c, co_window_of_opportunity_c, co_window_sun,
          glass_columns_c, glass_columns_a, glass_columns_a, glass_columns_c,
          uniq_pikel, uniq_crazy_yiuf_cottage
D:8:      grunt_gozag_breadcrumbs, uniq_grum
D:9:      slow_altar_2, overflow_temple_1_default, lightli_temple_of_fire,
          erik_lair_orcish_takeover, patterned_corridor
D:10:     orc_0_dummy, serial_shops, kennysheep_mini, grunt_pizzeria
D:13:     erik_vaults_1, ice2_lemuel

Action                   |  1- 3 |  4- 6 |  7- 9 | 10-12 || total
-------------------------+-------+-------+-------+-------++-------
Melee: Hand axe          |    95 |   111 |   170 |    57 ||   433
       Broad axe         |       |       |       |    91 ||    91
Invok: Berserk           |     4 |     6 |     9 |     3 ||    22
       Trog's Hand       |     1 |     4 |     2 |    10 ||    17
       Brothers in Arms  |       |       |       |     2 ||     2
Evoke: Wand              |       |       |     2 |       ||     2
  Use: Scroll            |       |     7 |       |     9 ||    16
       Potion            |       |       |     1 |     2 ||     3
  Eat: Chunk             |     2 |     6 |     8 |     7 ||    23
       Bread ration      |       |     1 |     1 |       ||     2
       Beef jerky        |       |       |       |     1 ||     1
